Map: Frozen Temple

Players

Rabid - Winner!

  • Race: Terran Terran

A.I. 1 (Easy)

  • Race: Terran Terran

VOD

Have the link to the VOD?

Description

Time

  • Played on: July 6, 2016, 6:18 p.m.
  • Length: 5:49
Show
View Real Time Build Order
Export as new Build Order

Rabid Terran - Winner!

Build Orders:  

Get SALT Encoding   

  12  0:01  SCV  
  13  0:13  SCV  
  14  0:19  Supply Depot  
  14  0:25  SCV  
  15  0:37  Refinery  
  15  0:41  SCV  
  16  0:50  Barracks  
  16  0:53  SCV  
  17  1:05  SCV  
  18  1:15  Supply Depot  
  18  1:17  SCV  
  19  1:29  SCV  
  20  1:39  Marine, Factory  
  21  1:41  Refinery  
  21  1:44  Orbital Command  
  21  1:57  Marine  
  22  2:14  Marine  
  23  2:22  Factory Tech Lab  
  23  2:23  Command Center  
  23  2:36  SCV  
  24  2:41  Siege Tank  
  27  2:48  Marine  
  27  2:49  SCV  
  29  3:01  SCV  
  30  3:10  Supply Depot  
  30  3:17  SCV  
  31  3:25  Barracks Tech Lab  
  31  3:32  SCV, Siege Tank  
  31  3:33  Supply Depot  
  35  3:37  Orbital Command  
  35  3:44  SCV  
  35  3:48  Marauder  
  39  4:02  SCV  
  39  4:03  SCV  
  40  4:14  Barracks  
  40  4:15  SCV, Siege Tank  
  44  4:18  Barracks  
  44  4:28  SCV  
  45  4:32  SCV  
  46  4:40  SCV  
  44  4:55  Marine  
  44  4:57  Siege Tank  
  48  5:00  SCV x2  
  48  5:03  Refinery  
  48  5:04  Barracks Reactor  
  48  5:05  Refinery  
  48  5:06  Barracks Reactor  
  50  5:10  Barracks  
  50  5:11  Starport  
  50  5:12  Marine  
  51  5:23  SCV  
  51  5:25  SCV  
  52  5:36  SCV  
Show
View Real Time Build Order
Export as new Build Order

A.I. 1 (Easy) Terran 

Build Orders:  

Get SALT Encoding   

  12  0:00  SCV  
  13  0:13  SCV  
  14  0:19  Supply Depot  
  14  0:25  SCV  
  15  0:41  SCV  
  16  0:45  Barracks  
  16  0:46  Refinery  
  16  1:10  Supply Depot  
  16  1:23  Refinery  
  16  1:31  Marine, Orbital Command  
  17  1:50  Barracks Tech Lab  
  17  1:56  SCV  
  18  2:08  Marine, SCV  
  18  2:10  Supply Depot  
  20  2:21  SCV  
  21  2:26  Marine  
  22  2:33  SCV  
  23  2:44  Marauder  
  23  2:45  SCV  
  26  2:57  SCV  
  27  3:06  Marauder  
  29  4:40  Marine  
  23  4:58  Marine  
  23  5:09  SCV  
  23  5:10  Supply Depot  
  24  5:15  Marine  
  24  5:21  SCV, Factory  
  17  5:33  SCV  
Tags
 
Matchup
TvT
Race
Terran
Replay Pack
Ruins of Endion
Add a new tag
Caveats
  • Supply blocks, unpowered buildings, or Contaminate may cause inaccurate times.
  • Supply counts are checked every 10 seconds.